 Dungeon Crawl Stone Soup version 0.31-a0-246-g8cbcc1cb85 (webtiles) character file.

Game seed: 562760962551808218

82 qw the Shooter (level 4, 0/26 HPs)
             Began as a Gargoyle Hexslinger on July 12, 2023.
             Slain by Pargi (3 damage)
             ... in a sewer.
             The game lasted 00:00:47 (2130 turns).

qw the Shooter (Gargoyle Hexslinger)                Turns: 2130, Time: 00:00:48

Health: 0/26       AC:  8    Str: 11    XL:     4   Next: 43%
Magic:  5/5        EV: 10    Int: 14    God:
Gold:   76         SH:  0    Dex: 20    Spells: 4/5 levels left

rFire   . . .        Y - +1 sling
rCold   . . .        (no shield)
rNeg    + + .        e - +0 ring mail
rPois   inf          (no helmet)
rElec   +            (no cloak)
rCorr   .            (no gloves)
SInv    .            (no boots)
Will    .....        (no amulet)
Stlth   +            a - ring of positive energy
HPRegen 0.24/turn    b - +6 ring of dexterity
MPRegen 0.09/turn

%: no passive effects
@: no status effects
A: sickness immunity, AC +3, negative energy resistance 1, electricity
resistance, torment resistance 1, petrification resistance
a: no special abilities


You were in a sewer.
You visited 1 branch of the dungeon, and saw 3 of its levels.
You also visited: Sewer.

You collected 76 gold pieces.


Innate Abilities, Weirdness & Mutations

You are immune to sickness and miasma.
Your stone body is resilient. (AC +3)
You are immune to poison.
You resist negative energy. (rN+)
You are resistant to electric shocks. (rElec)
You are resistant to unholy torment.
You are immune to petrification.


   Skills:
 - Level 2.0 Fighting
 + Level 4.1 Ranged Weapons
 - Level 1.0 Armour
 - Level 1.5 Dodging
 - Level 1.0 Spellcasting
 - Level 2.6 Hexes


You had 4 spell levels left.
You knew the following spells:

 Your Spells              Type           Power      Damage    Failure   Level
a - Slow                  Hex            32%        N/A       21%         1

Your spell library contained the following spells:

 Spells                   Type           Power      Damage    Failure   Level
 Inner Flame              Hex/Fire       4%         N/A       71%         3
 Portal Projectile        Hex/Tloc       8%         N/A       71%         3
 Cause Fear               Hex            4%         N/A       90%         4

Inventory:

Hand Weapons
 Y - a +1 sling (weapon)
Armour
 e - a +0 ring mail (worn)
Jewellery
 a - a ring of positive energy (left hand)
 b - a +6 ring of dexterity (right hand)
Scrolls
 c - a scroll of identify
 n - a scroll of teleportation
Potions
 d - a potion of haste
 f - a potion of curing
 j - a potion of magic {unknown}
 l - a potion of heal wounds

Dungeon Overview and Level Annotations

Branches:
Dungeon (3/15)              Sewer (1/1)

Altars:
Sif Muna

Annotations:
Sewer Pargi


Message History

You shoot a sling bullet. The sling bullet misses the bat.
The bat hits you but does no damage.
You shoot a sling bullet. The sling bullet hits the bat.
You kill the bat!
Found a potion of berserk rage.
Found a gate leading back out of this place.
Pargi the Meek comes into view.
You shoot a sling bullet. The sling bullet hits Pargi.
Pargi shouts!
Pargi is lightly wounded.
You shoot a sling bullet. The sling bullet hits Pargi.
Pargi is lightly wounded.
You shoot a sling bullet. The sling bullet closely misses Pargi.
You shoot a sling bullet. The sling bullet barely misses Pargi.
You shoot a sling bullet.
The sling bullet hits Pargi but does no damage.
Pargi snarls, "Go!
Away!"
You shoot a sling bullet. The sling bullet closely misses Pargi.
Pargi bites you. Pargi claws you. Pargi claws you but does no damage.
Pargi barely misses you. x2; Pargi claws you but does no damage.
You shoot a sling bullet. The sling bullet barely misses Pargi.
Pargi bites you. Pargi claws you. Pargi misses you.
You shoot a sling bullet. The sling bullet closely misses Pargi.
Pargi hisses menacingly.
Pargi bites you. Pargi closely misses you. x2
You shoot a sling bullet. The sling bullet closely misses Pargi.
Pargi closely misses you. Pargi claws you but does no damage. Pargi claws you.
Pargi bites you but does no damage. Pargi claws you but does no damage. x2
You shoot a sling bullet.
The sling bullet completely misses Pargi.
Pargi bites you. Pargi barely misses you. x2
You shoot a sling bullet. The sling bullet hits Pargi!
Pargi is moderately wounded.
Pargi bites you. Pargi barely misses you. Pargi claws you but does no damage.
You shoot a sling bullet. The sling bullet hits Pargi.
Pargi is moderately wounded.
Pargi bites you but does no damage. Pargi claws you but does no damage.
Pargi closely misses you. Pargi bites you. Pargi closely misses you.
Pargi claws you.
You die...

#\# #.# #.# #.#
####### #.#
##.....## #.#
##...~...#
#.#######...~~~...
#..........~~~~~%\
#@#######...~~~...
#T# ##...~%..# #!#
##.....## #.#
####### ... ...
... .....


You could see Pargi.

Vanquished Creatures
  An adder (D:3)
  A river rat (D:3)
  A dart slug (D:2)
  7 ball pythons
  6 endoplasms
  3 giant cockroaches
  4 goblins
  3 hobgoblins
  4 jackals (D:1)
  2 quokkas (D:1)
  10 bats
  7 frilled lizards
  4 kobolds
  4 rats
57 creatures vanquished.

Notes
Turn   | Place    | Note
-------+----------+-------------------------------------------
     0 | D:1      | qw the Gargoyle Hexslinger began the quest for the Orb.
     0 | D:1      | Reached XP level 1. HP: 12/12 MP: 2/2
     0 | D:1      | 0 ||| qw: Version: 0.3-a-52-g30416fa
     0 | D:1      | 0 ||| qw: Game counter: 6442
     0 | D:1      | 0 ||| qw: Melee chars always use a shield: true
     0 | D:1      | 0 ||| qw: God list: Okawaru
     0 | D:1      | 0 ||| qw: Allow faded altars: false
     0 | D:1      | 0 ||| qw: Do Orc after clearing Dungeon:15 true
     0 | D:1      | 0 ||| qw: Do second Lair branch before Depths: true
     0 | D:1      | 0 ||| qw: Lair rune preference: random
     0 | D:1      | 0 ||| qw: Goals: Normal
     0 | D:1      | 0 ||| PLANNING D:1-11
    85 | D:1      | Found a faded altar of an unknown god.
   174 | D:1      | Reached XP level 2. HP: 16/16 MP: 3/3
   248 | D:1      | Reached skill level 3 in Ranged Weapons
   367 | D:1      | Reached XP level 3. HP: 21/21 MP: 4/4
   810 | D:1      | 810 ||| UPGRADING to +0 ring mail.
   820 | D:1      | 820 ||| DROPPING +0 robe.
   821 | D:1      | 821 ||| READING scroll labelled MICKES YDGHESOM.
   822 | D:1      | 822 ||| READING scroll labelled SEPLANWUGH.
   823 | D:1      | 823 ||| READING scroll labelled FOOGAHO ZADDEF.
   837 | D:1      | 837 ||| READING scroll labelled XUNYJADGHU SEOC.
   838 | D:1      | 838 ||| READING 2 scrolls labelled ITSIN GACS.
   842 | D:1      | 842 ||| DRINKING 2 white potions.
   850 | D:1      | 850 ||| DROPPING scroll of poison.
   851 | D:1      | 851 ||| DROPPING potion of ambrosia.
  1856 | D:2      | 1856 ||| UPGRADING to ring of positive energy.
  1857 | D:2      | 1857 ||| READING 2 scrolls labelled NEXZEM OCODY.
  1858 | D:2      | 1858 ||| READING 2 scrolls of identify.
  1858 | D:2      | 1858 ||| IDENTIFYING red potion
  1859 | D:2      | 1859 ||| DROPPING scroll of revelation.
  1878 | D:3      | 1878 ||| PLANNING SEWER
  1939 | D:3      | Reached XP level 4. HP: 26/26 MP: 5/5
  1946 | D:3      | Found a shimmering blue altar of Sif Muna.
  2029 | D:3      | Reached skill level 4 in Ranged Weapons
  2034 | D:3      | Found a glowing drain.
  2035 | D:3      | 2035 ||| UPGRADING to +6 ring of dexterity.
  2036 | D:3      | 2036 ||| DRINKING 2 bubbling clear potions.
  2037 | D:3      | 2037 ||| READING 2 scrolls of identify.
  2037 | D:3      | 2037 ||| IDENTIFYING smoky black potion
  2085 | Sewer    | Entered a sewer
  2091 | Sewer    | Reached skill level 1 in Armour
  2118 | Sewer    | Noticed Pargi
  2130 | Sewer    | HP: 3/26 [Pargi (5)]
  2130 | Sewer    | Slain by Pargi

Levels and vault maps discovered:
D:1:      sevenhm_arrival_forest_fort_large_2, layout_loops_ring,
          ebering_ecumenical_altar_box, minivault_14
D:2:      layout_basic, serial_bayou_crossing
D:3:      layout_basic, lemuel_crystal_altar, mainiacjoe_overflow_chevrons,
          portal_sewer_entry_a, minmay_misc_feat_diagonals, nrook_uturn
Sewer:    sewer_big_baddie

Skill      XL: |  1  2  3  4 |
---------------+-------------+-----
Ranged Weapons | 3 4 |  4.1
Fighting       | 2 |  2.0
Armour         | 1 |  1.0
Dodging        | |  1.5
Spellcasting   | |  1.0
Hexes          | |  2.6

Action                     |  1- 3 |  4- 6 || total
---------------------------+-------+-------++-------
   Fire: Sling             |   121 |    47 ||   168
    Use: Scroll            |     7 |     1 ||     8
         Potion            |     1 |     1 ||     2
 Armour: Robe              |     5 |       ||     5
         Ring mail         |    23 |    21 ||    44
  Dodge: Dodged            |    43 |    24 ||    67

Table legend:
 A = Non-vault XP
 B = Vault XP
 C = Vault XP percentage of total XP
 D = Non-vault monster count
 E = Vault monster count
 F = Vault count percentage of total count
                 A         B        C        D         E       F
            +---------+---------+-------+---------+---------+-------
      Total |      98 |      20 |  16.9 |      51 |       6 |  10.5
            +---------+---------+-------+---------+---------+-------
        D:1 |      41 |       0 |   0.0 |      26 |       0 |   0.0
        D:2 |      37 |       0 |   0.0 |      20 |       0 |   0.0
        D:3 |      20 |      14 |  41.2 |       5 |       2 |  28.6
      Sewer |       0 |       6 | 100.0 |       0 |       4 | 100.0
            +---------+---------+-------+---------+---------+-------
